 Dungeon Crawl Stone Soup version 0.18.1-5-g4a78601 (webtiles) character file.

77 PossumBlood the Slasher (level 4, -4/39 HPs)
             Began as a Minotaur Fighter on May 11, 2016.
             Killed from afar by an orc wizard (6 damage)
             ... with a puff of flame
             ... on level 3 of the Dungeon.
             The game lasted 00:02:33 (1632 turns).

PossumBlood the Slasher (Minotaur Fighter)          Turns: 1632, Time: 00:02:34

Health: -4/39      AC:  6    Str: 22    XL:     4   Next: 14%
Magic:  3/3        EV:  7    Int:  8    God:
Gold:   95         SH:  0    Dex:  9    Spells: 0 memorised, 3 levels left

rFire  . . .     SeeInvis .     a - +0 long sword
rCold  . . .     Gourm    .     b - +0 scale mail
rNeg   . . .     Faith    .     c - +0 shield
rPois  .         Spirit   .     (helmet restricted)
rElec  .         Dismiss  .     (no cloak)
rCorr  .         Reflect  .     (no gloves)
SustAt .         Harm     .     (no boots)
MR     .....                    (no amulet)
Stlth  ..........               (no ring)
                                n - +3 ring of intelligence

@: confused, not resistant to hostile enchantments, extremely unstealthy
A: retaliatory headbutt, horns 2
a: no special abilities


You were on level 3 of the Dungeon.
You were not hungry.

You visited 1 branch of the dungeon, and saw 3 of its levels.

You collected 95 gold pieces.

Inventory:

Hand Weapons
 a - a +0 long sword (weapon)
Armour
 b - a +0 scale mail (worn)
 c - a +0 shield (worn)
Jewellery
 n - a +3 ring of intelligence (left hand)
 o - an uncursed amulet of faith {unknown}
Scrolls
 e - a scroll of teleportation {unknown}
 f - a scroll of noise {unknown}
 g - 5 scrolls of identify {unknown}
 h - a scroll of fog {unknown}
 j - a scroll of random uselessness {unknown}
 l - 2 scrolls of remove curse {unknown}
Potions
 d - a potion of might
 i - 3 potions of curing {unknown}
 k - a potion of ambrosia {unknown}
 m - a potion of degeneration {unknown}
 q - a potion of cure mutation {unknown}
 r - a potion of heal wounds {unknown}
Comestibles
 p - a meat ration
 s - a bread ration


   Skills:
 - Level 3.6 Fighting
 * Level 5.4 Long Blades
 - Level 3.6 Armour
 - Level 3.6 Shields


You had 3 spell levels left.
You didn't know any spells.

Dungeon Overview and Level Annotations

Branches:
Dungeon (3/15)

Altars:
Fedhas
The Shining One


Innate Abilities, Weirdness & Mutations

You reflexively headbutt those who attack you in melee.
You have a pair of horns on your head.


Message History

You kill the worm!
You hear some strange, mumbled words.
You are more confused.
You hear some strange, mumbled words.
You are more confused.
You hit something but do no damage. Your headbutt misses something.
Something hits you but does no damage.
You see here a robe.
Something hits you but does no damage.
Found a scroll labeled ADAPTE AKKA.
Something hits you.
* * * LOW HITPOINT WARNING * * *
You see here a robe.
You bump into the rock wall.
Something hits you but does no damage.
An orc wizard appears from thin air!
Reactivating autopickup.
You're too confused to move!
The orc wizard casts a spell at you. The puff of flame hits you!
You die...

### ##### #.. ....###
#.########.....##
#.#.....%#.#.#.##
########.#...)#.#.#.#..#
.......@o...).(†........
#####.##.#..[.)...#.#..#
# #.#......#.#(#.†#
........).#.#.#..#
.........(.#.#.#...
.............#.#.)#
##....#.....#.#.#...
.....#######.#.#.##
##.## # #..


You could see an orc wizard.

Vanquished Creatures
  An orc priest (D:3)
  An adder (D:2)
  A worm (D:3)
  A dart slug (D:1)
  2 orcs (D:3)
  2 giant cockroaches
  2 goblins
  5 hobgoblins
  3 jackals (D:2)
  5 bats
  5 kobolds
  4 rats (D:1)
32 creatures vanquished.

Vanquished Creatures (others)
  A toadstool (D:3)
1 creature vanquished.

Grand Total: 33 creatures vanquished

Notes
Turn   | Place    | Note
--------------------------------------------------------------
     0 | D:1      | PossumBlood the Minotaur Fighter began the quest for the Orb.
     0 | D:1      | Reached XP level 1. HP: 19/19 MP: 0/0
   134 | D:1      | Reached skill level 3 in Long Blades
   255 | D:1      | Reached XP level 2. HP: 26/26 MP: 1/1
   786 | D:2      | Reached skill level 4 in Long Blades
   786 | D:2      | Reached XP level 3. HP: 28/31 MP: 2/2
   804 | D:2      | Found a blossoming altar of Fedhas.
  1174 | D:2      | Found a glowing golden altar of the Shining One.
  1602 | D:3      | Reached skill level 5 in Long Blades
  1602 | D:3      | Reached XP level 4. HP: 12/39 MP: 3/3
  1625 | D:3      | HP: 1/39 [something (2)]
  1632 | D:3      | Killed from afar by an orc wizard

Skill      XL: |  1  2  3 |
---------------+----------+-----
Long Blades    | 3 4 5 |  5.4
Fighting       | |  3.6
Armour         | |  3.6
Shields        | |  3.6

Action                   |  1- 3 |  4- 6 || total
-------------------------+-------+-------++-------
Melee: Long sword        |    69 |     9 ||    78
       Headbutt          |    11 |     2 ||    13
  Eat: Bread ration      |     1 |       ||     1
Armor: Scale mail        |    37 |    14 ||    51
Dodge: Dodged            |    27 |     3 ||    30
Block: Shield            |    28 |     3 ||    31
